 Dungeon Crawl Stone Soup version 0.30.0-10-gfe55d96785 (webtiles) character file.

Game seed: 16688246673524922325

1869 zlionsfan the Carver (level 9, -2/71 HPs)
             Began as a Barachi Delver on May 13, 2023.
             Was an Initiate of Ashenzari.
             Slain by a white imp (5 damage)
             ... on level 6 of the Dungeon.
             The game lasted 00:20:41 (4638 turns).

zlionsfan the Carver (Barachi Delver)               Turns: 4638, Time: 00:20:42

Health: -2/71      AC:  6    Str: 17    XL:     9   Next: 13%
Magic:  9/9        EV: 13    Int: 10    God:    Ashenzari [......]
Gold:   309        SH:  0    Dex: 18    Spells: 8/8 levels left

rFire   . . .        a - +1 falchion (heavy)
rCold   . . .        (no shield)
rNeg    . . .        b - +0 leather armour
rPois   +            x - +0 helmet of the Lashed Sky {rElec Str+3 Stlth+, Comp, Evo} (curse)
rElec   +            (no cloak)
rCorr   .            r - +1 pair of gloves
SInv    .            (no boots)
Will    .....        (no amulet)
Stlth   ++++         s - ring of poison resistance
HPRegen 0.31/turn    (no ring)
MPRegen 0.11/turn

%: no passive effects
@: slow
A: amphibious, slowness 1, strong legs 1, +LOS
a: Hop, Renounce Religion, Curse Item, Shatter the Chains


You were on level 6 of the Dungeon.
You worshipped Ashenzari.
Ashenzari was noncommittal.
You visited 1 branch of the dungeon, and saw 6 of its levels.

You collected 309 gold pieces.

Inventory:

Hand Weapons
 a - a +1 heavy falchion (weapon)
 e - a +0 falchion
Missiles
 t - 9 boomerangs (quivered)
Armour
 b - a +0 leather armour (worn)
 r - a +1 pair of gloves (worn)
 x - the cursed +0 helmet of the Lashed Sky (worn) {rElec Str+3 Stlth+, Comp, Evo}
   (You took it off Robin on level 4 of the Dungeon)

   Str:       It affects your strength (+3).
   rElec:     It insulates you from electricity.
   Stlth:     It makes you more stealthy.
   It has a curse which improves the following skills: Companions: Summonings
   and Necromancy.
   Evocations: Evocations.
Jewellery
 l - a ring of fire
 s - a ring of poison resistance (left hand)
 w - a ring of magical power
Wands
 g - a wand of digging (3)
 v - a wand of flame (20)
Scrolls
 c - 2 scrolls of fog
 d - 2 scrolls of magic mapping
 h - 3 scrolls of torment
 m - a scroll of summoning {unknown}
 n - 2 scrolls of poison
 o - 2 scrolls of vulnerability
 y - 2 scrolls of immolation {unknown}
Potions
 f - a potion of curing {unknown}
 i - 2 potions of mutation {unknown}
 j - a potion of magic
 k - 2 potions of flight {unknown}
 p - a potion of attraction {unknown}
 q - a potion of might {unknown}
 u - 2 potions of resistance
 z - a potion of degeneration {unknown}


   Skills:
 * Level 6.9 Fighting
 * Level 9.4 Long Blades
 + Level 1.1 Throwing
 + Level 3.4 Armour
 + Level 4.0 Dodging
 * Level 7.0 Stealth
 + Level 0.3(0.4) Evocations


You had 8 spell levels left.
You didn't know any spells.
Your spell library contained the following spells:

 Spells                   Type           Power      Damage    Failure   Level
 Slow                     Hex            0%         N/A       41%         1
 Confusing Touch          Hex            0%         N/A       80%         3
 Gell's Gravitas          Tloc           0%         N/A       80%         3
 Inner Flame              Hex/Fire       0%         N/A       80%         3
 Teleport Other           Tloc           0%         N/A       80%         3
 Vampiric Draining        Necr           0%         2d6       80%         3
 Yara's Violent Unravell  Hex/Tmut       0%         3d3       100%        5
 Dispersal                Tloc           0%         N/A       100%        6
 Enfeeble                 Hex            0%         N/A       100%        7


Dungeon Overview and Level Annotations

Branches:
Dungeon (6/15)             Temple (0/1) D:4

Altars:
Ashenzari
Makhleb

Annotations:
D:5 Dowan


Innate Abilities, Weirdness & Mutations

You are amphibious.
You cover ground slowly.
You can hop short distances.
You have an extended range of vision and can be seen from far away.


Message History

The hound barely misses you. The hound bites you but does no damage.
You slash the hound!
You kill the hound!
The adder closely misses you.
You hit the adder.
The adder is moderately wounded.
The adder barely misses you.
You slash the adder!
You kill the adder!
You slash the phantom!
The phantom is severely damaged.
The phantom barely misses you.
The white imp shouts, "Turn tail, thou obnoxious fat-kidneyed dandiprat!"
The phantom hits you but does no damage.
You closely miss the phantom.
The phantom is severely damaged.
The phantom hits you.
The phantom blinks!
You blink.
You slash the phantom!
You destroy the phantom!
Your Stealth skill increases to level 7!
Found 8 gold pieces.
The white imp gestures at you. The puff of frost hits you!
* * * LOW HITPOINT WARNING * * *
The white imp gestures at you. The puff of frost hits you!
* * * LOW HITPOINT WARNING * * *
The white imp gestures at you. The puff of frost misses you.
You hear the slow rusting of a distant drain.
Okay, then.
Okay, then.
You now have 309 gold pieces (gained 8).
The white imp gestures at you. The puff of frost hits you!
* * * LOW HITPOINT WARNING * * *
The white imp hits you.
* * * LOW HITPOINT WARNING * * *
The white imp freezes you.
You die...

# .# ##.# ########...#
#........###
#..........#
#....@..##.# ####5####
###############5#
..$.#.ggO55...O###
......>g#######.......#
........#......≈≈≈≈≈≈.#
.....>O.#.≈≈≈≈≈.....≈.#
.....).g#.≈..c ####.≈.#
.......g#.≈.# ≈.#


You could see an ogre, a white imp and an ufetubus.

Vanquished Creatures
  Grinder (D:3)
  Sigmund (D:2)
  A steam dragon (D:6)
  Duvessa (D:5)
  2 ogres (D:4)
  2 phantoms
  A centaur (D:6)
  A scorpion (D:5)
  An electric eel (D:6)
  8 hounds
  2 sleepcaps
  Natasha (thrice) (D:2)
  An iguana (D:4)
  5 orc wizards
  Robin (D:4)
  4 gnolls (D:4)
  8 adders
  A white imp (D:6)
  An ufetubus (D:4)
  2 worms
  2 dart slugs
  15 orcs
  8 endoplasms
  7 giant cockroaches
  12 goblins
  14 hobgoblins
  6 jackals
  12 kobolds
  8 quokkas
  8 ball pythons
  9 bats
  5 frilled lizards
  5 rats
158 creatures vanquished.

Notes
Turn   | Place    | Note
-------+----------+-------------------------------------------
     0 | D:5      | zlionsfan the Barachi Delver began the quest for the Orb.
     0 | D:5      | Reached XP level 1. HP: 18/18 MP: 1/1
    34 | D:5      | Noticed a hound
    57 | D:4      | Noticed a hound
   161 | D:4      | Reached XP level 2. HP: 24/24 MP: 2/2
   177 | D:3      | Reached skill level 5 in Stealth
   438 | D:4      | Reached XP level 3. HP: 27/30 MP: 3/3
   439 | D:4      | Noticed a phantom
   509 | D:4      | Reached skill level 3 in Long Blades
   509 | D:4      | Reached skill level 1 in Armour
   623 | D:4      | Found a burning altar of Makhleb.
   623 | D:4      | Noticed an ogre
   782 | D:4      | Reached XP level 4. HP: 30/37 MP: 4/4
   825 | D:4      | Found a staircase to the Ecumenical Temple.
   915 | D:3      | Reached XP level 5. HP: 37/42 MP: 5/5
  1096 | D:1      | Reached skill level 4 in Long Blades
  1762 | D:2      | Noticed Sigmund
  1838 | D:2      | Killed Sigmund
  1839 | D:2      | Reached skill level 5 in Long Blades
  1839 | D:2      | Reached XP level 6. HP: 20/49 MP: 6/6
  2107 | D:2      | Found a broken altar of Ashenzari.
  2117 | D:2      | Became a worshipper of Ashenzari the Shackled
  2425 | D:2      | Noticed Natasha
  2437 | D:2      | Killed Natasha
  2568 | D:2      | Noticed Natasha
  2586 | D:2      | Killed Natasha
  2587 | D:2      | Reached XP level 7. HP: 55/55 MP: 7/7
  2654 | D:2      | Noticed Natasha
  2664 | D:2      | Killed Natasha
  3012 | D:3      | Noticed Grinder
  3037 | D:3      | Killed Grinder
  3038 | D:3      | Reached skill level 5 in Fighting
  3038 | D:3      | Reached skill level 6 in Long Blades
  3556 | D:4      | Reached skill level 7 in Long Blades
  3559 | D:4      | Reached XP level 8. HP: 53/64 MP: 8/8
  3995 | D:4      | Identified the +0 helmet "Evuv" {rElec Str+3 Stlth+}
  3995 | D:4      | Noticed Robin
  4000 | D:4      | Reached skill level 8 in Long Blades
  4006 | D:4      | Killed Robin
  4335 | D:5      | Noticed Dowan
  4336 | D:5      | Noticed Duvessa
  4364 | D:5      | Killed Duvessa
  4551 | D:6      | Reached skill level 1 in Throwing
  4557 | D:6      | Reached skill level 9 in Long Blades
  4601 | D:6      | Reached XP level 9. HP: 49/71 MP: 9/9
  4636 | D:6      | HP: 3/71 [white imp/puff of frost (8)]
  4638 | D:6      | Slain by a white imp

Illustrated notes

Levels and vault maps discovered:
D:1:      mrwooster_arrival_arrow, layout_rooms, grunt_decor_arrowhead
D:2:      minmay_general_purpose_star, layout_rooms, basic_altar,
          minmay_divided_ellipse, uniq_natasha, uniq_sigmund
D:3:      layout_basic, serial_aquarium, aquarium_bridge_island_small
          [aquarium_subvault_small_water, aquarium_subvault_bridge,
          aquarium_subvault_window, aquarium_subvault_bridge,
          aquarium_subvault_wall], aquarium_bridge_square
          [aquarium_subvault_bridge, aquarium_subvault_bridge,
          aquarium_subvault_bridge, aquarium_subvault_wall], aquarium_window_1,
          aquarium_window_fake, aquarium_window_fake, aquarium_view_2c,
          aquarium_view_2b, aquarium_balcony_3a, aquarium_pool_2, uniq_grinder
D:4:      layout_basic, lightli_temple_of_fire, minmay_temple_entry_mini_moons,
          nicolae_ossuary_entry_plus, fountainhead, uniq_robin
D:5:      layout_gridville, amethyst_overflow_temple_binary,
          general_overflow_altar, nicolae_half_adder, uniq_duvessa
D:6:      layout_rooms, nicolae_dithmenos_the_darkroom,
          nicolae_overflow_squiral, portal_sewer_entry_d, abandoned_shop,
          minivault_10

Skill      XL: |  1  2  3  4  5  6  7  8  9 |
---------------+----------------------------+-----
Stealth        | 5 6 7 |  7.0
Long Blades    | 3 5 7 9 |  9.4
Armour         | 1 2 3 |  3.4
Fighting       | 4 5 6 |  6.9
Dodging        | 3 4 |  4.0
Throwing       | 1 |  1.1
Evocations     | |  0.3

Action                     |  1- 3 |  4- 6 |  7- 9 || total
---------------------------+-------+-------+-------++-------
  Melee: Falchion          |    64 |   269 |   276 ||   609
         Punch             |       |     2 |     8 ||    10
  Throw: Boomerang         |       |       |     9 ||     9
         Throwing net      |       |       |     2 ||     2
 Invoke: Curse Item        |       |       |     1 ||     1
  Evoke: Wand              |       |       |     1 ||     1
    Use: Scroll            |     2 |     8 |     5 ||    15
         Potion            |       |       |     3 ||     3
   Stab: Sleeping          |     1 |    13 |     4 ||    18
         Distracted        |       |       |     1 ||     1
         Held in net/web   |       |       |     1 ||     1
 Armour: Leather armour    |    10 |    91 |    92 ||   193
  Dodge: Dodged            |    53 |   208 |   172 ||   433
